 Dungeon Crawl Stone Soup version 0.29.1-15-g9cfb28693d (webtiles) character file.

Game seed: 6114787503037867966

4083 promet the Vexing (level 10, -8/78 HPs)
             Began as a Yellow Draconian Arcane Marksman on Mar 25, 2023.
             Was a Priest of Uskayaw.
             Mangled by an orc warrior
             ... wielding a +0 halberd
              (16 damage)
             ... on level 9 of the Dungeon on Mar 26, 2023.
             The game lasted 01:39:35 (18477 turns).

promet the Vexing (DrAM)                           Turns: 18477, Time: 01:39:36

Health: -8/78      AC:  8    Str: 13    XL:     10   Next: 5%
Magic:  14/18      EV: 13    Int: 14    God:    Uskayaw [***...]
Gold:   393        SH:  0    Dex: 15    Spells: 4/19 levels left

rFire   . . .      SeeInvis .   J - +0 battleaxe
rCold   . . .      Faith    .   (shield currently unavailable)
rNeg    . . .      Spirit   .   (body armour unavailable)
rPois   .          Reflect  .   (helmet restricted)
rElec   .          Harm     .   (no cloak)
rCorr   +          Rampage  .   (no gloves)
Will    .....                   n - +0 pair of boots
Stlth   ++........              (no amulet)
HPRegen 0.23/turn               v - ring of wizardry
MPRegen 0.16/turn               k - ring of resist corrosion

@: slowed, very slow
A: spit acid, AC +7, unfitting armour, cold-blooded, acid resistance
a: Breathe Acid, Renounce Religion, Stomp, Line Pass


You were on level 9 of the Dungeon.
You worshipped Uskayaw.
Uskayaw was noncommittal.
You visited 1 branch of the dungeon, and saw 9 of its levels.

You collected 393 gold pieces.

Inventory:

Hand Weapons
 a - a +5 long sword
 b - the +10 arbalest "Jiafist" {penet, rCorr SInv Stlth+}
   (You acquired it on level 4 of the Dungeon)

   Any ammunition fired by it passes through the targets it hits, potentially
   hitting all targets in its path until it reaches maximum range.
   SInv:      It lets you see invisible.
   rCorr:     It protects you from acid and corrosion.
   Stlth:     It makes you more stealthy.
 c - a +0 quick blade
 l - a +0 falchion
 q - a +1 dagger of venom
 t - a +0 hand axe of freezing
 A - a +2 trident of flaming
 C - a +2 war axe
 H - a +2 short sword of electrocution
 I - a +2 morningstar
 J - a +0 battleaxe (weapon)
Missiles
 p - 21 poisoned darts
 F - 75 stones
Armour
 n - a +0 pair of boots (worn)
Jewellery
 f - a ring of positive energy
 j - a ring of protection from cold
 k - a ring of resist corrosion (right hand)
 r - a ring of fire
 v - a ring of wizardry (left hand)
 w - a ring of willpower
Wands
 s - a wand of light (8)
 u - a wand of flame (35) (quivered)
 y - a wand of mindburst (1)
 E - a wand of charming (1)
 K - a wand of iceblast (8)
Scrolls
 d - a scroll of poison
 e - a scroll of teleportation
 z - a scroll of identify
Potions
 g - 2 potions of lignification
 i - 2 potions of brilliance
 o - 4 potions of attraction
 x - 2 potions of flight
 G - 2 potions of ambrosia {unknown}


   Skills:
 + Level 3.9 Fighting
 + Level 2.0(3.6) Short Blades
 + Level 4.7(4.9) Long Blades
 + Level 1.9 Axes
 + Level 5.0 Ranged Weapons
 + Level 0.1 Throwing
 + Level 3.8 Dodging
 * Level 3.4 Stealth
 + Level 5.4 Spellcasting
 + Level 5.4 Conjurations
 + Level 6.3 Hexes
 + Level 1.0 Translocations


You had 4 spell levels left.
You knew the following spells:

 Your Spells              Type           Power      Damage    Failure   Level
a - Slow                  Hex            84%        N/A       1%          1
b - Magic Dart            Conj           76%        1d6       1%          1
c - Searing Ray           Conj           38%        2d5       1%          2
d - Portal Projectile     Hex/Tloc       28%        N/A       4%          3
e - Cause Fear            Hex            10%        N/A       4%          4
f - Fulminant Prism       Conj/Hex       10%        3d9       6%          4

Your spell library contained the following spells:

 Spells                   Type           Power      Damage    Failure   Level
 Inner Flame              Hex/Fire       12%        N/A       6%          3
 Necrotise                Necr           12%        1d4       7%          1
 Vampiric Draining        Necr           3%         2d6       21%         3
 Animate Dead             Necr           3%         N/A       52%         4
 Irradiate                Conj/Tmut      5%         3d13      50%         5
 Agony                    Necr           3%         N/A       86%         5
 Blade Hands              Tmut           1%         N/A       86%         5
 Dragon Form              Tmut           1%         N/A       100%        7
 Haunt                    Necr/Summ      1%         N/A       100%        7
 Infestation              Necr           1%         N/A       100%        8


Dungeon Overview and Level Annotations

Branches:
Dungeon (9/15)             Temple (0/1) D:6
   Lair: D:8-11         Orc: D:9-12

Altars:
Elyvilon
Nemelex Xobeh
Sif Muna
Uskayaw
Yredelemnul

Shops:
D:5 :


Innate Abilities, Weirdness & Mutations

You can spit globs of acid.
Your golden yellow scales are hard. (AC +7)
You cannot fit into any form of body armour.
You are cold-blooded and may be slowed by cold attacks.
You are resistant to acid. (rCorr)


Message History

The orc wizard casts a spell at you.
You are confused.
The orc wizard hits you but does no damage.
The orc hits you but does no damage.
You slash the orc!
You kill the orc!
You hit the orc wizard.
You kill the orc wizard!
The orc warrior hits you from afar with a +0 halberd!
The orc warrior barely misses you.
Uskayaw will force your foes to share their pain.
Okay, then.
The orc warrior hits you but does no damage.
There is an open door here.
The orc warrior misses you.
You're too confused to cast spells.
You're too confused to cast spells.
You're too confused to cast spells.
The orc warrior hits you with a +0 halberd!
* * * LOW HITPOINT WARNING * * *
The orc warrior barely misses you.
You feel much better.
You feel less confused. The orc warrior closely misses you.
You hit the orc warrior.
You tail-slap the orc warrior, but do no damage.
The orc warrior is lightly wounded.
The orc warrior hits you with a +0 halberd!
* * * LOW HITPOINT WARNING * * *
The orc warrior hits you with a +0 halberd!
* * * LOW HITPOINT WARNING * * *
The orc warrior hits you with a +0 halberd.
* * * LOW HITPOINT WARNING * * *
Casting: Slow (safe; 1% risk of failure)
Confirm with . or Enter, or press ? or * to list all spells.
Casting: Cause Fear (dangerous; 4% risk of failure)
Press: ? - help, Dir - look around, f - activate The orc warrior resists with almost no effort.
The orc warrior hits you with a +0 halberd!
You die...

##+####### # #........#
#####'##
##........######@.....##
.'........'....'.o....'.
)#........######.)....##
##........# #.)....#
##+####### #####'## ...
#.# .# ###+### ######+##


You could see an orc warrior.

Vanquished Creatures
  A troll (D:8)
  A wraith (D:9)
  4 yaks
  A wyvern (D:8)
  A steam dragon (D:8)
  A sky beast (D:7)
  2 ogres
  An ice beast (D:4)
  A kobold brigand (D:7)
  4 scorpions
  3 bullfrogs
  A gnoll sergeant (D:7)
  9 wights
  10 killer bees
  3 howler monkeys
  2 centaur zombies (D:8)
  A hound (D:6)
  4 orc priests
  2 gnoll boudas
  4 iguanas
  8 orc wizards
  14 gnolls
  9 adders
  An ufetubus (D:6)
  2 worms
  2 dart slugs
  42 orcs
  7 ball pythons
  6 endoplasms
  3 giant cockroaches
  11 goblins
  9 hobgoblins
  3 quokkas
  6 bats
  4 frilled lizards
  17 kobolds
  7 rats
207 creatures vanquished.

Vanquished Creatures (others)
  18 fulminant prisms
  13 fungi (D:6)
  52 plants (D:4)
83 creatures vanquished.

Grand Total: 290 creatures vanquished

Notes
Turn   | Place    | Note
-------+----------+-------------------------------------------
     0 | D:1      | promet the Draconian Arcane Marksman began the quest for
                  | the Orb.
     0 | D:1      | Reached XP level 1. HP: 16/16 MP: 2/2
   210 | D:1      | Learned a level 1 spell: Magic Dart
   278 | D:1      | Reached skill level 3 in Hexes
   286 | D:1      | Reached XP level 2. HP: 23/23 MP: 1/3
  1273 | D:1      | Found a faded altar of an unknown god.
  1294 | D:1      | Reached XP level 3. HP: 27/28 MP: 1/4
  2659 | D:2      | Reached skill level 1 in Long Blades
  2687 | D:2      | Reached XP level 4. HP: 31/35 MP: 0/6
  4697 | D:3      | Reached XP level 5. HP: 18/40 MP: 6/8
  5808 | D:3      | Found a hide-covered altar of Uskayaw.
  5819 | D:3      | Became a worshipper of Uskayaw the Reveller
  6113 | D:4      | Reached * piety under Uskayaw
  6227 | D:4      | Reached ** piety under Uskayaw
  6436 | D:4      | Identified a scroll of acquirement
  6436 | D:4      | Acquired the +10 arbalest "Jiafist" {penet, rCorr SInv
                  | Stlth+}
  6465 | D:4      | Learned a level 2 spell: Searing Ray
  6814 | D:4      | Reached skill level 1 in Conjurations
  6818 | D:4      | Reached *** piety under Uskayaw
  6819 | D:4      | Reached XP level 6. HP: 48/48 MP: 7/9
  6940 | D:4      | Noticed an ice beast
  6943 | D:4      | Killed an ice beast
  7213 | D:4      | Reached skill level 4 in Hexes
  7699 | D:4      | Learned a level 3 spell: Portal Projectile
  8038 | D:5      | Entered Level 5 of the Dungeon
  8454 | D:5      | Your scales start taking on a golden yellow colour.
  8454 | D:5      | Reached XP level 7. HP: 49/56 MP: 6/11
  8454 | D:5      | Gained mutation: You are resistant to acid. (rCorr) [Yellow
                  | Draconian growth]
  8719 | D:5      | Found Erchol's Tremendous Tomes.
  8824 | D:5      | Reached skill level 1 in Short Blades
  8824 | D:5      | Reached skill level 1 in Stealth
  9632 | D:5      | Found a shimmering blue altar of Sif Muna.
 10602 | D:6      | Reached skill level 5 in Hexes
 10602 | D:6      | Reached XP level 8. HP: 62/62 MP: 9/13
 10832 | D:6      | Found a sparkling altar of Nemelex Xobeh.
 11053 | D:6      | Reached skill level 1 in Translocations
 11192 | D:6      | Found a staircase to the Ecumenical Temple.
 11540 | D:7      | Learned a level 4 spell: Cause Fear
 11545 | D:7      | Learned a level 4 spell: Fulminant Prism
 12740 | D:7      | Reached skill level 1 in Axes
 13639 | D:7      | Reached XP level 9. HP: 13/68 MP: 10/15
 15119 | D:8      | Reached **** piety under Uskayaw
 15578 | D:8      | Reached ***** piety under Uskayaw
 15580 | D:8      | Reached skill level 5 in Conjurations
 15647 | D:8      | Noticed a troll
 15970 | D:8      | Killed a troll
 15971 | D:8      | Reached skill level 5 in Spellcasting
 16264 | D:8      | Reached skill level 6 in Hexes
 17481 | D:8      | Found a basalt altar of Yredelemnul.
 17583 | D:9      | Found a white marble altar of Elyvilon.
 18271 | D:9      | Reached XP level 10. HP: 77/78 MP: 18/18
 18469 | D:9      | Reached skill level 5 in Ranged Weapons
 18477 | D:9      | Mangled by an orc warrior

Illustrated notes

Levels and vault maps discovered:
D:1:      heliophobic_arrival_dark_side_of_the_moon, layout_basic,
          dreamdust_ecumenical_altar_angels_and_demons
D:2:      kennysheep_six_static_rooms, layout_basic
D:3:      layout_rooms, eat_drink_and_be_merry_uskayaw, serial_co_window_serial,
          co_window_corner_a, co_window_cross_1, co_window_corner_a,
          co_window_cross_1, co_window_corner_a, co_window_paths_a,
          co_window_paths_a, co_window_broadway_b, co_window_2corner,
          co_window_corner_b, co_window_4corner_b, co_window_paths_e,
          glass_columns_a
D:4:      wander_river, layout_basic, hangedman_decor_lopped,
          serial_bayou_lagoon_a
D:5:      layout_basic, nicolae_sif_muna_condensation, nrook_uturn,
          nicolae_shop_i_like_big_books
D:6:      layout_basic, mainiacjoe_overflow_small_starburst,
          minmay_temple_entry_gardened_gates, serial_aquarium,
          aquarium_bridge_square [aquarium_subvault_window,
          aquarium_subvault_wall, aquarium_subvault_bridge,
          aquarium_subvault_window], aquarium_bridge_island_small
          [aquarium_subvault_small_open, aquarium_subvault_bridge,
          aquarium_subvault_wall, aquarium_subvault_bridge,
          aquarium_subvault_wall], aquarium_window_corner, aquarium_window_1,
          aquarium_window_fake, aquarium_view_2b, aquarium_balcony_5a,
          aquarium_pool_2, nicolae_concentric_dashed_squares_wild
D:7:      layout_basic
D:8:      layout_loops_cross, lemuel_zombie_altar_yredelemnul
D:9:      layout_roguey, mainiacjoe_overflow_alcove_1, uniq_psyche

Skill      XL: |  1  2  3  4  5  6  7  8  9 10 |
---------------+-------------------------------+-----
Ranged Weapons | 2 3 4 5 |  5.0
Hexes          | 3 4 5 6 |  6.3
Dodging        | 2 3 |  3.8
Long Blades    | 1 2 3 4 |  4.7
Spellcasting   | 2 3 4 5 |  5.4
Fighting       | 2 3 |  3.9
Conjurations   | 1 2 3 4 5 |  5.4
Short Blades   | 1 2 |  2.0
Stealth        | 1 3 |  3.4
Translocations | 1 |  1.0
Axes           | 1 |  1.9
Throwing       | |  0.1

Action                   |  1- 3 |  4- 6 |  7- 9 | 10-12 || total
-------------------------+-------+-------+-------+-------++-------
Melee: Unarmed           |    12 |       |       |       ||    12
       Falchion          |   123 |    61 |       |       ||   184
       Tailslap          |     9 |    16 |    20 |     4 ||    49
       Punch             |     1 |     2 |     7 |       ||    10
       Short sword       |       |    78 |    27 |       ||   105
       Long sword        |       |       |   114 |     8 ||   122
       Battleaxe         |       |       |    11 |     5 ||    16
       War axe           |       |       |     4 |       ||     4
       Quick blade       |       |       |    17 |       ||    17
 Fire: Sling             |    37 |     4 |       |       ||    41
       Shortbow          |       |    34 |       |       ||    34
       Arbalest          |       |    30 |   109 |       ||   139
Throw: Stone             |     1 |     3 |     4 |       ||     8
 Cast: Slow              |    46 |    72 |    87 |     1 ||   206
       Magic Dart        |     6 |     7 |     1 |       ||    14
       Portal Projectile |       |     3 |     8 |       ||    11
       Searing Ray       |       |       |     6 |       ||     6
       Fulminant Prism   |       |       |    17 |     1 ||    18
       Cause Fear        |       |       |     3 |     1 ||     4
 Abil: Breathe Acid      |       |       |     4 |       ||     4
Evoke: Wand              |       |       |     6 |     1 ||     7
  Use: Scroll            |     1 |     9 |    10 |       ||    20
       Potion            |       |     1 |     5 |     1 ||     7
 Stab: Sleeping          |       |     2 |       |       ||     2
       Paralysed         |       |     1 |     7 |     2 ||    10
       Invisible         |       |       |     1 |       ||     1
Armor: Skin              |    39 |    20 |   100 |     7 ||   166
Dodge: Dodged            |    91 |    91 |   215 |    17 ||   414
